Map: Blackpink LE

Players

MaNa - Winner!

  • Race: Protoss Protoss
  • Spawn Location: 1:00

Minato

  • Race: Zerg Zerg
  • Spawn Location: 7:00

Event: IEM Season 12 - Katowice

VOD

Have the link to the VOD?

Description

Time

  • Played on: Feb. 26, 2018, 10:09 a.m.
  • Length: 7:54

All games in this series

Show
View Real Time Build Order
Export as new Build Order

MaNa Protoss - Winner!

Build Orders: 1 Gate Expand 

Get SALT Encoding   

  12  0:00  Probe  
  13  0:12  Probe  
  14  0:17  Pylon  
  14  0:24  Probe (Chrono Boost)  
  15  0:36  Probe (Chrono Boost)  
  15  0:40  Assimilator  
  16  0:45  Probe (Chrono Boost)  
  16  0:48  Gateway  
  17  0:51  Probe  
  18  0:59  Pylon  
  18  1:03  Probe (Chrono Boost)  
  19  1:14  Probe (Chrono Boost)  
  20  1:29  Nexus  
  20  1:36  Cybernetics Core  
  20  1:38  Probe  
  21  1:46  Assimilator  
  21  1:50  Probe  
  22  1:55  Pylon  
  22  2:02  Probe  
  23  2:11  Adept (Chrono Boost)  
  23  2:15  Probe  
  26  2:18  Stargate  
  25  2:24  Warp Gate  
  25  2:27  Probe  
  26  2:30  Adept  
  28  2:39  Probe (Chrono Boost)  
  30  2:46  Probe (Chrono Boost)  
  30  2:50  Probe (Chrono Boost)  
  31  2:55  Probe x2 (Chrono Boost)  
  33  2:58  Void Ray (Chrono Boost)  
  33  3:05  Probe x2  
  39  3:17  Probe x2  
  41  3:22  Gateway  
  41  3:26  Gateway  
  41  3:29  Probe x2  
  43  3:34  Twilight Council  
  43  3:40  Pylon  
  43  3:41  Probe  
  43  3:42  Probe  
  45  3:52  Assimilator  
  45  3:55  Probe  
  46  4:04  Oracle  
  47  4:10  Probe  
  47  4:11  Probe  
  47  4:16  Resonating Glaives (Chrono Boost)  
  49  4:23  Probe x2  
  50  4:33  Pylon  
  50  4:35  Probe x2  
  52  4:38  Adept  
  54  4:51  Probe x2  
  56  4:53  Adept x2  
  60  5:00  Pylon  
  60  5:01  Robotics Facility  
  60  5:03  Probe x2  
  62  5:11  Pylon  
  62  5:18  Probe x2, Adept x3  
  70  5:26  Pylon  
  70  5:28  Nexus  
  70  5:39  Adept x3  
  76  5:46  Probe x2  
  78  5:50  Forge  
  78  5:52  Observer  
  78  5:53  Assimilator  
  79  6:02  Sentry  
  79  6:03  Sentry  
  84  6:04  Probe x2  
  84  6:08  Charge  
  79  6:16  Immortal  
  83  6:20  Probe  
  83  6:23  Adept  
  80  6:26  Shield Battery  
  80  6:27  Adept x2  
  80  6:29  Gateway  
  80  6:32  Gateway  
  82  6:42  Gateway  
  82  6:44  Zealot, Gateway  
  84  6:58  Gateway  
  83  7:01  Zealot, Sentry  
  83  7:04  Immortal, Shield Battery  
  83  7:08  Shield Battery  
  88  7:10  Gateway  
  88  7:14  Shield Battery  
  88  7:18  Shield Battery  
  88  7:20  Zealot  
  90  7:24  Pylon  
  90  7:25  Pylon  
  90  7:32  Zealot x2  
  90  7:34  Zealot  
  96  7:44  Zealot x3  
  96  7:48  Zealot  
  104  7:52  Zealot x2  
Show
View Real Time Build Order
Export as new Build Order

Minato Zerg 

Build Orders: Pool First 

Get SALT Encoding   

  12  0:00  Drone  
  13  0:12  Overlord  
  13  0:17  Drone  
  14  0:31  Drone x2  
  14  0:34  Drone  
  17  0:52  Drone  
  17  0:53  Spawning Pool  
  17  1:02  Drone  
  17  1:03  Extractor  
  17  1:24  Drone x2  
  18  1:30  Drone  
  19  1:32  Hatchery  
  19  1:39  Queen  
  18  1:40  Zergling x2  
  21  1:53  Drone  
  22  2:07  Metabolic Boost  
  22  2:15  Hatchery  
  21  2:18  Overlord  
  21  2:21  Zergling x2  
  22  2:27  Evolution Chamber  
  21  2:36  Queen  
  23  2:39  Zergling x2  
  23  2:42  Zergling x2  
  25  2:45  Drone  
  25  2:49  Drone  
  27  2:51  Drone  
  27  2:55  Drone  
  29  2:59  Drone  
  30  3:11  Zergling x8  
  33  3:22  Drone x2  
  33  3:25  Overlord  
  33  3:26  Overlord  
  35  3:37  Spore Crawler  
  35  3:38  Drone, Spore Crawler  
  35  3:41  Drone x2  
  36  3:47  Drone x2  
  36  3:48  Drone  
  39  3:50  Drone  
  39  3:52  Drone  
  41  3:59  Drone x2  
  41  4:01  Drone  
  41  4:02  Drone  
  45  4:04  Drone  
  45  4:06  Drone  
  45  4:08  Drone  
  47  4:10  Drone  
  47  4:15  Drone x2  
  49  4:17  Drone  
  48  4:25  Queen  
  48  4:26  Spore Crawler  
  49  4:35  Overlord x3  
  49  4:38  Zerg Melee Weapons Level 1  
  49  4:53  Queen x2  
  49  4:54  Zergling x2  
  49  4:55  Zergling x12  
  60  5:01  Queen  
  60  5:13  Zergling x2  
  60  5:14  Zergling x18  
  70  5:28  Queen  
  70  5:29  Pneumatized Carapace  
  70  5:37  Queen, Zergling x4  
  70  5:38  Zergling x2  
  72  5:44  Overlord x2  
  71  6:08  Drone x9  
  77  6:16  Drone  
  72  6:25  Zergling x6  
  67  6:26  Zergling x12  
  67  6:28  Queen x2  
  78  6:35  Zergling x4  
  80  6:41  Zergling x4  
  81  6:49  Overlord x2  
  81  6:57  Queen  
  82  7:08  Baneling Nest  
  82  7:09  Zergling x20  
  82  7:12  Zergling x4  
  93  7:24  Overlord x3  
  92  7:31  Hatchery  

Tags
 
Add a new tag
Caveats
  • Supply blocks, unpowered buildings, or Contaminate may cause inaccurate times.
  • Supply counts are checked every 10 seconds.